[Event "XVI Memorial Lezcano Montalvo 2024"]
[Site "Gran Canaria"]
[Date "2024.03.31"]
[Round "9.42"]
[White "Vargas Tinoco, Martin Alonso"]
[Black "Santos Falcon, Jose"]
[Result "1-0"]
[ECO "D02"]
[WhiteElo "1681"]
[BlackElo "1749"]
[Annotator "NA RC COMBH"]
[PlyCount "91"]
[EventDate "2024.03.23"]
[EventType "swiss"]
[EventCountry "ESP"]
[SourceTitle "playchess.com"]
[Source "ChessBase"]
[SourceQuality "1"]
[TimeControl "5400+30"]

1. d4 d5 2. Bf4 e6 3. e3 c5 4. Nf3 cxd4 5. exd4 Nc6 6. c3 Bd6 7. Bxd6 Qxd6 8. Nbd2 Nge7 9. Bb5 a6 10. Ba4 b5 11. Bc2 Bd7 12. O-O b4 13. c4 dxc4 14. Nxc4 Qc7 15. Re1 Nd5 16. Rc1 g6 17. Be4 O-O 18. Nce5 Qb7 19. Qd2 Nxe5 20. dxe5 Kg7 21. Rc5 Qb6 22. Rec1 Rac8 23. Rxc8 Rxc8 24. Rxc8 Bxc8 25. Bxd5 exd5 26. Qxd5 Bb7 27. Qd4 Qxd4 28. Nxd4 Bd5 29. a3 bxa3 30. bxa3 f6 31. f4 fxe5 32. fxe5 Kf7 33. Kf2 h5 34. h4 Ke7 35. g3 a5 36. Ke3 Kf7 37. Kf4 a4 38. Kg5 Be4 39. e6+ Ke7 40. Kf4 Bd5 41. Ke5 Bb7 42. Ne2 Bc6 43. Nf4 Be8 44. Nd5+ Kf8 45. Kf6 Bc6 46. Nf4 1-0